 Dungeon Crawl Stone Soup version 0.30.1-1-g62c8e00024 (webtiles) character file.

Game seed: 13853246037133270172

259225 cowcol the Conqueror (level 19, -8/207 HPs)
             Began as a Minotaur Fighter on July 14, 2023.
             Was a High Priest of Okawaru.
             Shot with an arrow by a deep elf master archer (27 damage)
             ... in a wizard's laboratory on July 16, 2023.
             The game lasted 03:05:46 (45770 turns).

cowcol the Conqueror (Minotaur Fighter)            Turns: 45770, Time: 03:05:46

Health: -8/207     AC: 37    Str: 24    XL:     19   Next: 14%
Magic:  31/31      EV: 11    Int:  7    God:    Okawaru [*****.]
Gold:   1401       SH:  4    Dex: 20    Spells: 18/18 levels left

rFire   + . .        Z - +3 executioner's axe of cowcol's Valiance {flame, +Blink rF+ Str-2 Int+3 Dex+3}
rCold   . . .        (shield currently unavailable)
rNeg    . . .        D - +11 plate armour "Syluasio" {Regen+}
rPois   +            Q - +2 hat
rElec   .            H - +2 cloak {rPois}
rCorr   .            g - +2 pair of gloves
SInv    .            (no boots)
Will    +++..        l - amulet of regeneration Stlth
                     q - +4 ring of slaying
HPRegen 2.14/turn    L - ring of Descent {Will++ MP+9 Dex+3}
MPRegen 0.22/turn

%: no passive effects
@: lethally poisoned (-8 -> -13)
A: horns 2, retaliatory headbutt, talons 1, large bone plates 1, agile 1, dopey
1
}: 2/15 runes: serpentine, barnacled
a: Renounce Religion, Evoke Blink, Heroism, Finesse, Duel


You were in a wizard's laboratory.
You worshipped Okawaru.
Okawaru was extremely pleased with you.
You visited 7 branches of the dungeon, and saw 32 of its levels.
You also visited: Bailey, Ice Cave and Wizlab.

You collected 4256 gold pieces.
You spent 2855 gold pieces at shops.

Inventory:

Hand Weapons
 c - the +10 executioner's axe of the Skies Above {freeze, Contam rPois rC- Str+8}
   (Okawaru gifted it to you on level 5 of the Lair of Beasts)

   Str:       It affects your strength (+8).
   rC:        It makes you vulnerable to cold.
   rPois:     It protects you from poison.
   Contam:    It causes magical contamination when unequipped.
 e - the +1 battleaxe "Lavub" {venom, rPois}
   (Okawaru gifted it to you on level 15 of the Dungeon)

   rPois:     It protects you from poison.
 u - a +1 vampiric broad axe
 y - the +8 executioner's axe "Vuphuck" {protect, rElec rN+ Dex-5}
   (You acquired it on level 4 of the Snake Pit)

   Dex:       It affects your dexterity (-5).
   rElec:     It insulates you from electricity.
   rN:        It protects you from negative energy.
 B - a +0 spear
 Z - the +3 executioner's axe of cowcol's Valiance (weapon) {flame, +Blink rF+ Str-2 Int+3 Dex+3}
   (Okawaru gifted it to you on level 3 of the Lair of Beasts)

   Str:       It affects your strength (-2).
   Int:       It affects your intelligence (+3).
   Dex:       It affects your dexterity (+3).
   rF:        It protects you from fire.
   +Blink:    It lets you blink.
Missiles
 d - a throwing net
 s - 26 poisoned darts
 K - 47 boomerangs
 T - 8 atropa-tipped darts
 Y - 6 silver javelins (quivered)
Armour
 g - a +2 pair of gloves (worn)
 D - the +11 plate armour "Syluasio" (worn) {Regen+}
   (You found it on level 3 of the Shoals)

   Regen:     It increases your rate of health regeneration.
 F - +6 shadow dragon scales
 H - a +2 cloak of poison resistance (worn)
 Q - a +2 hat (worn)
 X - a +0 kite shield of protection
Jewellery
 b - a ring of protection from cold
 l - an amulet of regeneration (around neck)
 q - a +4 ring of slaying (left hand)
 E - a ring of see invisible
 L - the ring of Descent (right hand) {Will++ MP+9 Dex+3}
   (You found it on level 5 of the Lair of Beasts)

   [ring of magical power]

   Dex:       It affects your dexterity (+3).
   MP:        It affects your magic capacity (+9).
   Will:      It greatly increases your willpower.
 M - a +6 ring of dexterity
Wands
 h - a wand of light (13)
 t - a wand of paralysis (13)
 x - a wand of flame (8)
 C - a wand of digging (18)
 P - a wand of roots (9)
Scrolls
 i - 12 scrolls of identify
 k - 6 scrolls of poison
 p - 2 scrolls of fear
 v - a scroll of silence
 w - 6 scrolls of fog
 A - 4 scrolls of blinking
 I - a scroll of immolation
 J - a scroll of magic mapping
 N - 2 scrolls of enchant armour
 U - a scroll of summoning
 V - 11 scrolls of teleportation
Potions
 a - 9 potions of lignification
 f - 4 potions of heal wounds
 j - 3 potions of brilliance
 m - 9 potions of curing
 o - a potion of cancellation
 r - 2 potions of flight
 R - a potion of resistance
 W - 2 potions of might
Miscellaneous
 n - a condenser vane
 z - a phantom mirror
 G - a lightning rod (4/4)


   Skills:
 O Level 27 Fighting
 + Level 2.6(4.1) Short Blades
 + Level 5.5(5.8) Long Blades
 - Level 21.8(22.0) Axes
 + Level 2.7(14.8) Maces & Flails
 + Level 2.4(14.7) Polearms
 + Level 2.9(3.9) Staves
 + Level 2.6 Ranged Weapons
 - Level 6.0 Throwing
 + Level 14.7 Armour
 + Level 7.0 Dodging
 - Level 5.0 Shields
 - Level 1.3 Conjurations
 - Level 1.4 Hexes
 - Level 1.5 Summonings
 - Level 1.3 Necromancy
 - Level 1.5 Translocations
 - Level 1.6 Transmutations
 - Level 1.5 Fire Magic
 - Level 1.2 Ice Magic
 - Level 1.2 Air Magic
 - Level 1.4 Earth Magic
 - Level 1.4 Poison Magic
 + Level 6.4 Invocations
 - Level 1.0 Evocations


You had 18 spell levels left.
You didn't know any spells.
Your spell library contained the following spells:

 Spells                   Type           Power      Damage    Failure   Level
 Apportation              Tloc           4%         N/A       90%         1
 Sting                    Tmut/Pois      8%         1d3       90%         1
 Slow                     Hex            4%         N/A       91%         1
 Necrotise                Necr           4%         1d4       92%         1
 Passwall                 Tmut/Erth      1%         N/A       97%         2
 Poisonous Vapours        Pois/Air       2%         N/A       97%         2
 Scorch                   Fire           4%         2d5       97%         2
 Ensorcelled Hibernation  Hex/Ice        2%         N/A       98%         2
 Ignite Poison            Fire/Tmut/Pois 2%         N/A       99%         3
 Inner Flame              Hex/Fire       2%         N/A       99%         3
 Portal Projectile        Hex/Tloc       4%         N/A       99%         3
 Teleport Other           Tloc           2%         N/A       99%         3
 Confusing Touch          Hex            1%         N/A       100%        3
 Dazzling Flash           Conj/Hex       2%         N/A       100%        3
 Ozocubu's Armour         Ice            1%         N/A       100%        3
 Stone Arrow              Conj/Erth      2%         3d7       100%        3
 Swiftness                Air            1%         N/A       100%        3
 Vampiric Draining        Necr           1%         2d6       100%        3
 Vhi's Electric Charge    Tloc/Air       2%         N/A       100%        3
 Anguish                  Hex/Necr       0%         N/A       100%        4
 Flame Wave               Conj/Fire      2%         2d4       100%        4
 Leda's Liquefaction      Hex/Erth       1%         N/A       100%        4
 Olgreb's Toxic Radiance  Pois           1%         N/A       100%        4
 Passage of Golubria      Tloc           2%         N/A       100%        4
 Sticky Flame             Conj/Fire      2%         2d3       100%        4
 Agony                    Necr           1%         N/A       100%        5
 Alistair's Intoxication  Tmut/Pois      1%         N/A       100%        5
 Borgnjor's Vile Clutch   Necr/Erth      0%         N/A       100%        5
 Lee's Rapid Deconstruct  Erth           1%         3d4*      100%        5
 Metabolic Englaciation   Hex/Ice        0%         N/A       100%        5
 Silence                  Hex/Air        0%         N/A       100%        5
 Yara's Violent Unravell  Hex/Tmut       1%         3d3       100%        5
 Eringya's Noxious Bog    Tmut/Pois      1%         N/A       100%        6
 Statue Form              Tmut/Erth      1%         N/A       100%        6
 Enfeeble                 Hex            0%         N/A       100%        7
 Ignition                 Fire           1%         3d3       100%        8
 Lehudib's Crystal Spear  Conj/Erth      0%         10d2      100%        8
 Necromutation            Tmut/Necr      1%         N/A       100%        8
 Summon Small Mammal      Summ           Unusable   N/A       N/A         1
 Animate Armour           Summ/Erth      Unusable   N/A       N/A         4
 Simulacrum               Ice/Necr       Unusable   N/A       N/A         6
 Summon Cactus Giant      Summ           Unusable   N/A       N/A         6

Dungeon Overview and Level Annotations

Branches:
Dungeon (15/15)            Temple (1/1) D:4            Lair (5/5) D:10
 Shoals (4/4) Lair:3        Snake (4/4) Lair:3        Slime (0/5) Lair:4
    Orc (2/2) D:11            Elf (0/3) Orc:2        Vaults (0/5) D:14
 Depths (1/4) D:15         Bailey (visited)           IceCv (visited)
 WizLab (1/1)

Altars:
Ashenzari
Cheibriados
Dithmenos
Fedhas
Gozag
Hepliaklqana
Kikubaaqudgha
Makhleb
Nemelex Xobeh
Okawaru
Qazlal
Ru
Trog
Uskayaw
Vehumet
Wu Jian
Xom
Yredelemnul
Zin
The Shining One
Jiyva

Shops:
D:1 (   D:3 [   D:4 (   Orc:2 :(*[:   Shoals:4 ?   Snake:3 (   Snake:4 ?!**?

Portals:
Hell: Lair:5
Abyss: Depths:1

Annotations:
D:3 2 runed translucent doors, exhongo's ghost, weakling DgWn
D:14 exclusion: ice statue
D:15 3 runed translucent doors, Kefanin's ghost, adept GrEE
Lair:5 1 runed translucent door, diecastcamel's ghost, journeyman MfIE
Shoals:3 3 runed translucent doors, nroviw's ghost, adept MiFi
Snake:2 Roxanne
Snake:3 1 transporter


Innate Abilities, Weirdness & Mutations

You have a pair of horns on your head.
You reflexively headbutt those who attack you in melee.
You have sharp toenails.
You are partially covered in large bone plates. (SH +4)
You are agile. (Dex +4, Str/Int -1)
You are dopey. (Int -2)


Message History

The fenstrider witch hits you but does no damage.
The fenstrider witch barely misses you.
The deep elf master archer shoots an arrow.
The arrow hits you.
The deep elf master archer shoots an arrow.
The arrow hits you!
Your unstable footing causes you to fumble your attack.
You fester in the toxic bog!
You partially resist.
You are more poisoned.
You feel very sick.
The deep elf master archer shoots an arrow.
The arrow hits you!
You block the fenstrider witch's attack.
The fenstrider witch kicks you but does no damage.
Your unstable footing causes you to fumble your attack.
You feel very sick.
The deep elf master archer shoots an arrow.
The arrow barely misses you.
The fenstrider witch hits you but does no damage.
The fenstrider witch kicks you.
The deep elf master archer shoots an arrow.
The arrow hits you!!
* * * LOW HITPOINT WARNING * * *
The deep elf master archer shoots an arrow.
The arrow hits you.
* * * LOW HITPOINT WARNING * * *
You slash the fenstrider witch! You burn the fenstrider witch.
You kill the fenstrider witch!
Okawaru accepts your kill.
You slash the deep elf master archer! You burn the deep elf master archer.
You kill the deep elf master archer!
Okawaru accepts your kill.
You slash the deep elf master archer! You burn the deep elf master archer.
You feel very sick.
The deep elf master archer shoots an arrow.
The arrow hits you!!
* * * LOW HITPOINT WARNING * * *
The yaktaur shoots a bolt.
The bolt hits you but does no damage.
The deep elf master archer shoots an arrow.
The arrow hits you!!
You die...

♣♣♣.....e....
♣♣♣......c.e...
♣♣......He♣.P∩..
♣♣.∩...∩..♣♣ ##e.
♣♣........♣♣ .
♣♣...♣.P..♣♣
♣⌠..♣♣♣...♣♣
♣...♣♣♣♣..e♣♣
♣♣...♣♣♣♣c[@♣
♣♣...♣♣♣♣)..♣
♣♣♣...♣♣♣♣...♣
♣♣...∩...♣♣....♣♣:
♣♣.........♣♣♣.....
♣....♣⌠♣....♣ ♣....
♣#.........#♣♣......
♣♣...∩...♣♣....♣♣..
♣♣♣...♣♣♣♣...♣


You could see a deep elf master archer and a yaktaur.

Vanquished Creatures
  Vashnia (Snake:4)
  A tentacled monstrosity (Snake:3)
  Rupert (D:13)
  Jorgrun (Orc:1)
  An Ice Fiend (IceCv)
  A deep elf master archer (WizLab)
  A kraken (Shoals:2)
  2 thorn hunters
  8 nagarajas
  2 fenstrider witches (WizLab)
  A frost giant (D:15)
  Louise (D:15)
  3 orc warlords
  An ironbound preserver (D:14)
  A vampire knight (Depths:1)
  4 eleionomae
  2 dire elephants (Lair:5)
  Snorg (D:14)
  7 merfolk impalers
  2 merfolk javelineers (Shoals:4)
  A shambling mangrove (WizLab)
  A catoblepas (Lair:1)
  Fannar (Orc:1)
  10 hydras
  6 salamander tyrants
  3 two-headed ogres
  3 merfolk avatars
  2 centaur warriors (WizLab)
  9 satyrs
  4 alligators (Snake:3)
  13 anacondas
  A deep troll shaman (Depths:1)
  4 boulder beetles
  3 death yaks (Lair:4)
  17 naga warriors
  21 naga sharpshooters
  4 merfolk aquamancers
  5 orc high priests
  5 tengu warriors
  A deep troll earth mage (Depths:1)
  Sonja (Orc:1)
  8 shock serpents
  4 skysharks
  A goliath frog (Snake:3)
  9 salamander mystics
  A sixfirhy (Lair:5)
  2 swamp dragons (Snake:3)
  A skeletal warrior (D:14)
  3 deep trolls (Depths:1)
  8 sea snakes
  A bog body (IceCv)
  7 spriggan simulacra (IceCv)
  An obsidian statue (IceCv)
  4 naga ritualists
  5 deep elf pyromancers
  A deep elf archer (WizLab)
  2 wizards
  10 harpies
  4 mana vipers
  30 ugly things
  18 manticores
  17 fauns
  4 cyclopes
  An oklob plant (WizLab)
  8 orc knights
  6 orc sorcerers
  8 merfolk sirens
  19 salamanders
  43 black mambas
  6 water nymphs
  19 naga magi
  12 cane toads
  A smoke demon (Lair:5)
  3 orange demons (Lair:5)
  4 guardian serpents
  4 kobold demonologists
  19 komodo dragons
  A cane toad (shapeshifter) (Lair:3)
  2 unseen horrors
  3 gargoyles
  2 rime drakes (Lair:5)
  5 freezing wraiths
  5 yaktaurs
  An efreet (D:9)
  A tengu conjurer (D:15)
  A golden dragon simulacrum (IceCv)
  16 ice devils
  9 trolls
  14 merfolk
  5 wind drakes
  A wind drake (shapeshifter) (D:14)
  2 red devils (Lair:5)
  4 hornets
  9 polar bears
  Prince Ribbit (D:5)
  7 snapping turtles
  32 dream sheep
  18 slime creatures
  Sigmund (D:3)
  6 water elementals
  58 yaks
  A vampire (D:11)
  6 dire elephant simulacra (IceCv)
  3 wraiths
  5 wyverns
  3 vampire mosquitoes (Snake:3)
  4 basilisks
  A basilisk (shapeshifter) (D:9)
  9 minotaur simulacra (IceCv)
  5 swamp worms (Snake:3)
  A harpy simulacrum (IceCv)
  27 nagas
  20 water moccasins
  2 hydra simulacra (IceCv)
  An acid dragon (D:9)
  4 hell hounds (Lair:5)
  3 swamp drakes (Snake:3)
  2 ice beasts
  A black bear (D:4)
  37 orc warriors
  2 sky beasts (D:7)
  6 ogres
  4 alligator simulacra (IceCv)
  11 wolves
  14 centaurs
  3 kobold brigands
  10 bullfrogs
  A gnoll sergeant (D:6)
  3 deep troll simulacra (IceCv)
  5 killer bees (D:8)
  6 electric eels
  3 howler monkeys
  3 gnoll boudas
  4 jellies
  36 orc priests
  6 hounds
  Crazy Yiuf (D:4)
  4 sleepcaps
  6 iguanas
  Ijyb (D:4)
  31 orc wizards
  A hell rat (Lair:5)
  A boggart simulacrum (D:15)
  21 gnolls
  11 adders
  An ufetubus (D:6)
  A worm (D:3)
  2 dart slugs
  115 orcs
  7 bats
  5 endoplasms
  3 giant cockroaches
  12 goblins
  5 hobgoblins
  15 kobolds
  5 quokkas
  2 ball pythons (D:2)
  3 frilled lizards (D:2)
  5 rats
  2 tentacles (Shoals:2)
1167 creatures vanquished.

Vanquished Creatures (others)
  A merfolk javelineer (Shoals:4)
  3 merfolk aquamancers (Shoals:4)
  A snapping turtle (Shoals:4)
  A naga (Snake:4)
  A swamp worm (Snake:3)
  4 tentacles (Shoals:2)
11 creatures vanquished.

Grand Total: 1178 creatures vanquished

Notes
Turn   | Place    | Note
-------+----------+-------------------------------------------
     0 | D:1      | cowcol the Minotaur Fighter began the quest for the Orb.
     0 | D:1      | Reached XP level 1. HP: 19/19 MP: 0/0
   165 | D:1      | Found Odwod's Weapon Shop.
   511 | D:1      | Reached XP level 2. HP: 27/27 MP: 1/1
   887 | D:2      | Reached skill level 4 in Fighting
   924 | D:2      | Reached XP level 3. HP: 29/33 MP: 2/2
  1918 | D:3      | Noticed Sigmund
  1922 | D:3      | Found a large runed translucent door.
  1922 | D:3      | Found a large runed translucent door.
  1926 | D:3      | Noticed exhongo's ghost (weakling DgWn)
  1947 | D:3      | Killed Sigmund
  1948 | D:3      | Reached skill level 5 in Armour
  1948 | D:3      | Reached XP level 4. HP: 18/41 MP: 3/3
  1948 | D:3      | Reached XP level 5. HP: 21/47 MP: 4/4
  2210 | D:3      | Reached skill level 5 in Fighting
  2233 | D:3      | Found Vituanag's Antique Armour Shoppe.
  2241 | D:3      | Bought a pair of gloves for 103 gold pieces
  2304 | D:3      | Found a sacrificial altar of Ru.
  2350 | D:3      | Found a snail-covered altar of Cheibriados.
  2396 | D:3      | Noticed an ice beast
  2407 | D:3      | Killed an ice beast
  2408 | D:3      | Reached skill level 5 in Axes
  2408 | D:3      | Reached XP level 6. HP: 48/56 MP: 5/5
  2745 | D:4      | Noticed Ijyb
  2753 | D:4      | Killed Ijyb
  2870 | D:4      | Reached XP level 7. HP: 50/61 MP: 6/6
  3166 | D:4      | Found a staircase to the Ecumenical Temple.
  3176 | Temple   | Entered the Ecumenical Temple
  3351 | Temple   | Became a worshipper of Warmaster Okawaru
  3379 | D:4      | Found a broken altar of Ashenzari.
  3591 | D:4      | Found a hazy altar of Hepliaklqana.
  3635 | D:4      | You fall into a shaft and drop 1 floor!
  3635 | D:5      | Entered Level 5 of the Dungeon
  3799 | D:4      | Found Waula's Weapon Shoppe.
  3893 | D:4      | Found a runed translucent door.
  3894 | D:4      | Noticed Crazy Yiuf
  3950 | D:4      | Killed Crazy Yiuf
  3951 | D:4      | Reached skill level 6 in Fighting
  4048 | D:3      | Bought a chain mail for 103 gold pieces
  4157 | D:5      | Found a shimmering altar of Xom.
  4399 | D:5      | Noticed Prince Ribbit
  4428 | D:5      | Killed Prince Ribbit
  4429 | D:5      | Reached XP level 8. HP: 31/70 MP: 7/7
  4543 | D:5      | Reached * piety under Okawaru
  4761 | D:5      | Reached skill level 1 in Throwing
  5418 | D:6      | Gained mutation: You are vulnerable to heat. (rF-) [potion
                  | of mutation]
  5418 | D:6      | Gained mutation: You have a somewhat thin skeletal
                  | structure. (Dex +2, Stealth+) [potion of mutation]
  5419 | D:6      | Lost mutation: You are vulnerable to heat. (rF-) [potion of
                  | mutation]
  5419 | D:6      | Lost mutation: You have a somewhat thin skeletal structure.
                  | (Dex +2, Stealth+) [potion of mutation]
  5419 | D:6      | Gained mutation: You have sharp toenails. [potion of
                  | mutation]
  5419 | D:6      | Gained mutation: You are agile. (Dex +4, Str/Int -1)
                  | [potion of mutation]
  5495 | D:6      | Reached ** piety under Okawaru
  5509 | D:6      | Found a shadowy altar of Dithmenos.
  5727 | D:7      | Reached skill level 7 in Fighting
  5749 | D:7      | Found a radiant altar of Vehumet.
  5776 | D:7      | Found a flagged portal.
  5783 | D:7      | Reached skill level 10 in Axes
  5783 | D:7      | Reached XP level 9. HP: 65/79 MP: 8/8
  5800 | Bailey   | Entered a bailey
  5849 | Bailey   | Noticed an orc knight
  6161 | Bailey   | Noticed an orc knight
  6170 | Bailey   | Killed an orc knight
  6318 | D:7      | Reached skill level 10 in Armour
  6478 | D:7      | Reached *** piety under Okawaru
  6479 | D:7      | Reached skill level 8 in Fighting
  6614 | D:7      | Noticed a two-headed ogre
  6621 | D:7      | Killed a two-headed ogre
  6622 | D:7      | Reached XP level 10. HP: 52/88 MP: 9/9
  7559 | D:8      | Identified a scroll of acquirement
  7762 | D:8      | Got the Secrets of Geometry
  7938 | D:8      | Paralysed by a hornet for 3 turns
  7945 | D:8      | Reached **** piety under Okawaru
  8351 | D:9      | Noticed a boulder beetle
  8360 | D:9      | Noticed a tengu warrior
  8368 | D:9      | Killed a tengu warrior
  8407 | D:9      | Identified the +0 scale mail of Complete Protection
                  | {Stlth+}
  8440 | D:9      | Killed a boulder beetle
  8441 | D:9      | Reached skill level 9 in Fighting
  8902 | D:9      | Found a basalt altar of Yredelemnul.
  9279 | D:9      | Acquired 593 gold pieces
  9291 | D:10     | Entered Level 10 of the Dungeon
  9673 | D:10     | Reached ***** piety under Okawaru
  9673 | D:10     | Received a gift from Okawaru
  9699 | D:10     | Reached XP level 11. HP: 94/97 MP: 7/10
  9710 | D:10     | Received a gift from Okawaru
  9944 | D:10     | Found a staircase to the Lair.
 10091 | D:10     | Reached skill level 10 in Fighting
 10094 | D:10     | Found an opulent altar of Gozag.
 10107 | D:10     | Upgraded the game from 0.30.1 to 0.30.1-1-g62c8e00024
 10207 | D:11     | Reached skill level 1 in Invocations
 10367 | D:11     | Received a gift from Okawaru
 10597 | D:11     | Reached skill level 15 in Axes
 10635 | D:11     | Noticed a cyan ugly thing
 10649 | D:11     | Killed a cyan ugly thing
 10822 | D:11     | Found a staircase to the Orcish Mines.
 10921 | D:11     | Noticed a tengu warrior
 10930 | D:11     | Killed a tengu warrior
 11069 | D:11     | Found the +18 Lear's hauberk
 11388 | D:11     | Noticed a boulder beetle
 11393 | D:11     | Reached skill level 11 in Fighting
 11414 | D:11     | Killed a boulder beetle
 11761 | Lair:1   | Entered Level 1 of the Lair of Beasts
 11778 | Lair:1   | Noticed a catoblepas
 11793 | Lair:1   | Killed a catoblepas
 12068 | Lair:1   | Received a gift from Okawaru
 12187 | Lair:1   | Reached XP level 12. HP: 94/112 MP: 12/12
 12457 | Lair:1   | Reached skill level 12 in Fighting
 13724 | Lair:2   | Received a gift from Okawaru
 14200 | Lair:3   | Noticed a four-headed hydra
 14236 | Lair:2   | Killed a one-headed hydra
 14237 | Lair:2   | Reached skill level 13 in Fighting
 14261 | Lair:3   | Reached skill level 1 in Long Blades
 14627 | Lair:3   | Reached skill level 1 in Dodging
 14635 | Lair:3   | Identified the +7 dagger of Greed {holy, *Slow rF+ Str-2
                  | Int+7} (Okawaru gifted it to you on level 3 of the Lair of
                  | Beasts)
 14635 | Lair:3   | Received a gift from Okawaru
 14653 | Lair:3   | Reached skill level 14 in Fighting
 14713 | Lair:3   | Reached ****** piety under Okawaru
 14745 | Lair:3   | Found a staircase to the Shoals.
 14850 | Lair:3   | Reached XP level 13. HP: 102/125 MP: 13/13
 14855 | Lair:3   | Reached skill level 15 in Fighting
 14994 | Lair:3   | Found a staircase to the Snake Pit.
 15327 | Lair:3   | Identified the +3 executioner's axe of cowcol's Valiance
                  | {flame, +Blink rF+ Str-2 Int+3 Dex+3} (Okawaru gifted it to
                  | you on level 3 of the Lair of Beasts)
 15327 | Lair:3   | Received a gift from Okawaru
 15781 | Lair:4   | Found a runed translucent door.
 15873 | Lair:4   | Found a staircase to the Slime Pits.
 15908 | Lair:4   | You fall into a shaft and drop 1 floor!
 15908 | Lair:5   | Entered Level 5 of the Lair of Beasts
 15917 | Lair:5   | Reached skill level 16 in Fighting
 16114 | Lair:5   | Reached skill level 17 in Fighting
 16214 | Lair:4   | Received a gift from Okawaru
 16530 | Lair:4   | Reached skill level 18 in Fighting
 17461 | Lair:5   | Reached XP level 14. HP: 144/144 MP: 14/14
 17464 | Lair:5   | Received a gift from Okawaru
 17466 | Lair:5   | Reached skill level 19 in Fighting
 17691 | Lair:5   | Found a runed translucent door.
 17693 | Lair:5   | Noticed diecastcamel's ghost (journeyman MfIE)
 17913 | Lair:5   | Found a burning altar of Makhleb.
 17928 | Lair:5   | Reached skill level 1 in Evocations
 17939 | Lair:5   | Reached skill level 20 in Fighting
 17942 | Lair:5   | Identified the +10 executioner's axe of the Skies Above
                  | {freeze, Contam rPois rC- Str+8} (Okawaru gifted it to you
                  | on level 5 of the Lair of Beasts)
 17942 | Lair:5   | Received a gift from Okawaru
 17989 | Lair:5   | Found a gateway to Hell.
 17996 | Lair:5   | Identified the ring of Descent {Will++ MP+9 Dex+3}
 19672 | D:12     | Got the Essays on Venomous Anathema
 19752 | D:12     | Identified the +4 flail of Nukor {flame, rC+++ Int+2 Dex-3}
 20488 | D:13     | Noticed Rupert
 20502 | D:13     | Killed Rupert
 20731 | D:13     | Received a gift from Okawaru
 20759 | D:13     | Received a gift from Okawaru
 21018 | Orc:1    | Entered Level 1 of the Orcish Mines
 21021 | Orc:1    | Noticed Sonja
 21037 | Orc:1    | Killed Sonja
 21206 | Orc:1    | Noticed an orc warlord
 21252 | Orc:1    | Received a gift from Okawaru
 21304 | Orc:1    | Noticed Jorgrun
 21314 | Orc:1    | Killed Jorgrun
 21315 | Orc:1    | Reached skill level 21 in Fighting
 21492 | Orc:1    | Found a transporter.
 21495 | Orc:1    | Noticed an orc warlord
 21567 | Orc:2    | Entered Level 2 of the Orcish Mines
 21567 | Orc:2    | Found a staircase to the Elven Halls.
 21941 | Orc:2    | Noticed an orc warlord
 22190 | Orc:2    | Killed an orc warlord
 22291 | Orc:2    | Reached XP level 15. HP: 75/158 MP: 17/17
 22463 | Orc:2    | Found Tischo's Book Boutique.
 22583 | Orc:2    | Reached skill level 5 in Invocations
 22598 | Orc:2    | Found Reanul's General Store.
 22598 | Orc:2    | Found Teloax's Book Shop.
 22606 | Orc:2    | Identified the +0 ring mail of Panentheism {Int+3 Slay+3
                  | Stlth-} (Okawaru gifted it to you on level 2 of the Orcish
                  | Mines)
 22606 | Orc:2    | Received a gift from Okawaru
 22638 | Orc:2    | Found Qievaysu's Antique Armour Boutique.
 22638 | Orc:2    | Found Paxayrad's Antique Weapon Boutique.
 22654 | Orc:2    | Bought a runed war axe for 162 gold pieces
 23073 | Orc:1    | Noticed Fannar
 23087 | Orc:1    | Killed Fannar
 23280 | Orc:1    | Found a transporter.
 23450 | Orc:1    | Reached skill level 22 in Fighting
 24157 | D:14     | Found a gate to the Vaults.
 24303 | D:14     | Noticed Snorg
 24309 | D:14     | Killed Snorg
 24768 | D:15     | Entered Level 15 of the Dungeon
 24790 | D:15     | Reached skill level 23 in Fighting
 24836 | D:15     | Found a runed translucent gate.
 24837 | D:15     | Found a runed translucent gate.
 24838 | D:15     | Found a runed translucent gate.
 24843 | D:15     | Noticed a rockslime
 24843 | D:15     | Noticed a rockslime
 24843 | D:15     | Noticed Kefanin's ghost (adept GrEE)
 24843 | D:15     | Noticed an acid blob
 24843 | D:15     | Noticed a rockslime
 24844 | D:15     | Found a viscous altar of Jiyva.
 24896 | D:15     | Noticed Louise
 24920 | D:15     | Killed Louise
 25022 | D:15     | Received a gift from Okawaru
 25453 | D:15     | Identified the +1 battleaxe "Lavub" {venom, rPois} (Okawaru
                  | gifted it to you on level 15 of the Dungeon)
 25453 | D:15     | Received a gift from Okawaru
 25659 | D:15     | Reached skill level 5 in Dodging
 25754 | D:15     | Reached skill level 24 in Fighting
 26142 | D:15     | Found a staircase to the Depths.
 26142 | D:15     | Noticed a frost giant
 26147 | D:15     | Killed a frost giant
 26148 | D:15     | Reached XP level 16. HP: 134/174 MP: 19/19
 26498 | Snake:1  | Entered Level 1 of the Snake Pit
 26556 | Snake:1  | Found a frozen archway.
 26574 | IceCv    | Entered an ice cave
 26579 | IceCv    | Received a gift from Okawaru
 26604 | IceCv    | Identified the +1 helmet of Entitlement {Drain rC+ rN+++
                  | Slay-6}
 27078 | IceCv    | Reached skill level 25 in Fighting
 27127 | IceCv    | Received a gift from Okawaru
 27199 | IceCv    | Identified the +0 battleaxe of the Howling Seer {flame,
                  | *Noise rPois Will- Int+10} (Okawaru gifted it to you in an
                  | ice cave)
 27199 | IceCv    | Received a gift from Okawaru
 27340 | IceCv    | Noticed an Ice Fiend
 27358 | IceCv    | Killed an Ice Fiend
 27437 | IceCv    | Identified the ring "Bogohos" {*Slow Fly Dex+6 Slay+3}
 27455 | IceCv    | Identified the staff of earth "Eduonec" {Int+3}
 27504 | IceCv    | Identified the staff of cold "Xecigi Cifu" {rC+ Dex+3}
 28282 | Snake:1  | Identified the ring "Fifokk" {AC+4 Int+3}
 28900 | Snake:2  | Reached skill level 26 in Fighting
 29459 | Snake:2  | Noticed Roxanne
 30688 | Snake:2  | Reached XP level 17. HP: 190/190 MP: 20/20
 30731 | Snake:2  | Reached skill level 5 in Throwing
 31061 | Snake:3  | Reached skill level 27 in Fighting
 31557 | Snake:3  | Reached skill level 5 in Long Blades
 31733 | Snake:3  | Found a transporter.
 31736 | Snake:3  | Found a transporter.
 31798 | Snake:3  | Reached skill level 1 in Ranged Weapons
 31825 | Snake:3  | Gained mutation: You are partially covered in large bone
                  | plates. (SH +4) [mutagenic glow]
 31828 | Snake:3  | Reached skill level 1 in Polearms
 31833 | Snake:3  | Reached skill level 1 in Short Blades
 31836 | Snake:3  | Reached skill level 1 in Maces & Flails
 31871 | Snake:3  | Reached skill level 1 in Staves
 31892 | Snake:3  | Identified the +2 buckler of Darkness {Regen+} (Okawaru
                  | gifted it to you on level 3 of the Snake Pit)
 31892 | Snake:3  | Received a gift from Okawaru
 31965 | Snake:3  | Noticed a tentacled monstrosity
 31977 | Snake:3  | Killed a tentacled monstrosity
 32333 | Snake:3  | Found a transporter.
 32337 | Snake:3  | Found a transporter.
 32539 | Snake:3  | Found a transporter.
 32541 | Snake:3  | Found a transporter.
 32576 | Snake:3  | Reached skill level 1 in Translocations
 32610 | Snake:3  | Reached skill level 1 in Conjurations
 32610 | Snake:3  | Reached skill level 1 in Transmutations
 32621 | Snake:3  | Reached skill level 1 in Summonings
 32627 | Snake:3  | Reached skill level 1 in Earth Magic
 32858 | Snake:3  | Reached skill level 1 in Hexes
 33031 | Snake:3  | Found Xegiwat's Antique Weapon Emporium.
 33034 | Snake:3  | Bought a glowing broad axe for 308 gold pieces
 33048 | Snake:3  | Reached skill level 1 in Poison Magic
 33577 | Snake:4  | Entered Level 4 of the Snake Pit
 33585 | Snake:3  | Reached skill level 1 in Fire Magic
 33762 | Snake:4  | Noticed Vashnia
 34242 | Snake:4  | Reached skill level 1 in Necromancy
 34242 | Snake:4  | Reached skill level 1 in Air Magic
 34683 | Snake:4  | Reached skill level 1 in Ice Magic
 36140 | Snake:4  | Found Arupriw's Distillery.
 36146 | Snake:4  | Bought a potion of heal wounds for 75 gold pieces
 36146 | Snake:4  | Bought a potion of heal wounds for 75 gold pieces
 36301 | Snake:4  | Killed Vashnia
 36859 | Snake:4  | Found Zaxoecs's General Store.
 36869 | Snake:4  | Bought a potion of haste for 120 gold pieces
 36869 | Snake:4  | Bought a scroll of blinking for 90 gold pieces
 36970 | Snake:4  | Found Qoaleff's Magic Scroll Shoppe.
 36973 | Snake:4  | Bought a scroll of acquirement for 884 gold pieces
 36974 | Snake:4  | Acquired the +8 executioner's axe "Vuphuck" {protect, rElec
                  | rN+ Dex-5}
 36994 | Snake:4  | Found Kyong's Assorted Antiques.
 37001 | Snake:4  | Bought a scroll of enchant armour for 165 gold pieces
 38256 | Snake:4  | Received a gift from Okawaru
 38484 | Snake:4  | Reached XP level 18. HP: 191/200 MP: 21/21
 38651 | Snake:4  | Got a serpentine rune of Zot
 38704 | Snake:4  | Found Qisseu's Magic Scroll Shoppe.
 38731 | Snake:4  | Bought a scroll of enchant armour for 120 gold pieces
 38731 | Snake:4  | Bought a scroll of magic mapping for 120 gold pieces
 39220 | Lair:1   | Gained mutation: You are dopey. (Int -2) [mutagenic glow]
 39458 | Shoals:1 | Entered Level 1 of the Shoals
 39905 | Shoals:1 | Found a shadowy altar of Dithmenos.
 41911 | Shoals:3 | Found a runed translucent gate.
 41912 | Shoals:3 | Found a runed translucent gate.
 41913 | Shoals:3 | Found a runed translucent gate.
 41914 | Shoals:3 | Noticed nroviw's ghost (adept MiFi)
 41915 | Shoals:3 | Noticed nroviw's ghost (adept MiFi)
 42091 | Shoals:3 | Received a gift from Okawaru
 42119 | Shoals:3 | Reached skill level 5 in Shields
 42651 | Shoals:3 | Identified the +11 plate armour "Syluasio" {Regen+}
 42664 | Shoals:3 | Got the Precepts of the Komodo Dragon
 43512 | Shoals:3 | Identified the +1 ring mail of Recklessness {Dex+3}
                  | (Okawaru gifted it to you on level 3 of the Shoals)
 43512 | Shoals:3 | Received a gift from Okawaru
 44206 | Shoals:4 | Entered Level 4 of the Shoals
 44846 | Shoals:4 | Found Ejikk's Magic Scroll Shop.
 44854 | Shoals:4 | Bought 3 scrolls of enchant armour for 450 gold pieces
 44913 | Shoals:4 | Got a barnacled rune of Zot
 44925 | Shoals:4 | Bought a scroll of immolation for 80 gold pieces
 45230 | Depths:1 | Entered Level 1 of the Depths
 45232 | Depths:1 | Found a one-way gate to the infinite horrors of the Abyss.
 45315 | Depths:1 | Found a magical portal.
 45320 | WizLab   | Entered Eringya's Formal Garden
 45334 | WizLab   | Reached XP level 19. HP: 206/207 MP: 22/22
 45765 | WizLab   | Received a gift from Okawaru
 45770 | WizLab   | Shot with an arrow by a deep elf master archer

Illustrated notes

Levels and vault maps discovered:
D:1:      dreamdust_arrival_beginning_and_end, layout_basic, serial_shops, shop,
          minivault_11, minmay_misc_feat_pillars
D:2:      layout_loops_corners, serial_bayou, serial_bayou_lake_a,
          serial_bayou_shore_b, serial_bayou_pond_b, serial_bayou_lagoon_b
D:3:      layout_basic, lemuel_round_altar, lemuel_doored_altar, serial_shops,
          nicolae_shop_hallway_stairs, ebering_ghost_disaster_area,
          nicolae_concentric_dashed_squares_wild, uniq_sigmund
D:4:      layout_basic, nzn_hepliaklqana_mist_gate,
          mainiacjoe_overflow_cross_hatched, minmay_temple_entry_glassed_door,
          serial_shops, shop, amcnicky_mini_rare_corridor_liquid,
          minmay_box_of_dots, uniq_crazy_yiuf_cottage, uniq_ijyb
D:5:      layout_loops_ring, mainiacjoe_overflow_concentric_impassable,
          hex_large, minivault_26, uniq_prince_ribbit1
D:6:      layout_loops_ring, nicolae_dithmenos_through_a_glass_darkly
D:7:      layout_loops_ring, mainiacjoe_overflow_catwalk, enter_bailey_5,
          kennysheep_another_room
D:8:      layout_basic, hangedman_decor_growths
D:9:      layout_cave_pools, mainiacjoe_overflow_24_doors, minmay_diamond_spiral
D:10:     layout_loops_ring, nicolae_gozag_cash_rules_everything_around_me,
          lair_entry_dummy
D:11:     layout_long_grid, hiddenorc2_lemuel, hellmonk_guarded_unrand_lears
D:12:     layout_irregular_city
D:13:     layout_roguey, glass_columns_b, disabler_island, uniq_rupert
D:14:     layout_rooms, skrybe_vaults_entry_preservation, serial_glass,
          glass_columns_c, glass_columns_b, due_unseen_surprise,
          item_on_display_a, feat_on_display, serial_park_tiny_1, minivault_16,
          uniq_snorg
D:15:     grunt_enter_depths_snipers, layout_stronghold, gammafunk_ghost_ooze,
          minmay_misc_feat_x, st_stairs_12, uniq_louise
Temple:   nicolae_temple_figure_eight
Lair:1:   layout_gridlike, gammafunk_lair_bear_cave, infiniplex_staircase_pool
Lair:2:   layout_cave_pods
Lair:3:   layout_hall_layers, minmay_shoals_entry_beasts,
          minmay_snake_entry_six_corridors, serial_bayou_shore_a
Lair:4:   layout_hall_layers, slime_entry_2, wad_woods_road_03,
          beast_lair_carwin_8
Lair:5:   evil_forest, layout_small_grid, gammafunk_ghost_grave,
          lemuel_fruit_fields
Shoals:1: layout_shoals, lemuel_centaur_altar
Shoals:2: layout_shoals
Shoals:3: layout_shoals, gammafunk_ghost_cemetery, nicolae_shoals_enchanted_isle
Shoals:4: shoals_end_simple, layout_shoals, serial_shops, shop
Snake:1:  layout_basic, portal_ice_cave_entry_frozen_things
Snake:2:  cheibrodos_snake_lava_hold, layout_concentric_octagons, drop_trap,
          uniq_roxanne
Snake:3:  onia_ninara_swampy_vault, layout_chambers, serial_shops,
          nicolae_shop_real_fake_doors, serial_nicolae_subway,
          nicolae_sub_station_crystal, nicolae_sub_station_stone,
          nicolae_sub_station_metal
Snake:4:  grunt_snake_rune_serpentine_throne, layout_basic, serial_shops,
          nicolae_shop_waterfront, nicolae_shop_rolled_up, shop,
          nicolae_shop_crystal, nicolae_shop_hallway_stairs, uniq_vashnia
Orc:1:    gammafunk_beogh_shrine, layout_diamond_mine, uniq_sonja, uniq_fannar,
          uniq_jorgrun
Orc:2:    st_orc_congregation, layout_diamond_mine, serial_shops,
          nicolae_diamond_shop
Depths:1: layout_gridlike, abyss_entry, mu_enter_wizlab_2,
          hangedman_coc_ice_floe, pdpol_wu_jian_five_deadly_venoms,
          nicolae_wooded_promenade, minivault_16, minmay_misc_feat_rows,
          kennysheep_generic_room_8, firewood_loft, grunt_megastairs_3
WizLab:   wizlab_eringya

Skill      XL: |  1  2  3  4  5  6  7  8  9 10 11 12 13 14 15 16 17 18 19 |
---------------+----------------------------------------------------------+-----
Armour         | 4 5 6 7 8 10 11 12 14 | 14.7
Fighting       | 4 5 6 7 8 9 11 14 18 21 24 26 27 | 27.0
Shields        | 4 5 |  5.0
Axes           | 4 5 6 8 10 12 14 16 18 21 | 21.8
Throwing       | 1 3 4 6 |  6.0
Invocations    | 1 4 6 |  6.4
Long Blades    | 3 4 5 |  5.5
Dodging        | 2 3 5 6 7 |  7.0
Evocations     | 1 |  1.0
Ranged Weapons | 2 |  2.6
Polearms       | 2 |  2.4
Short Blades   | 2 |  2.6
Maces & Flails | 2 |  2.7
Staves         | 2 |  2.9
Translocations | 1 |  1.5
Conjurations   | 1 |  1.3
Transmutations | 1 |  1.6
Summonings     | 1 |  1.5
Earth Magic    | 1 |  1.4
Hexes          | 1 |  1.4
Poison Magic   | 1 |  1.4
Fire Magic     | 1 |  1.5
Necromancy     | 1 |  1.3
Air Magic      | 1 |  1.2
Ice Magic      | 1 |  1.2

Action                     |  1- 3 |  4- 6 |  7- 9 | 10-12 | 13-15 | 16-18 | 19-21 || total
---------------------------+-------+-------+-------+-------+-------+-------+-------++-------
  Melee: War axe           |    61 |    65 |   241 |   392 |       |       |       ||   759
         Headbutt          |     9 |    13 |    50 |   122 |   186 |   214 |    12 ||   606
         Kick              |       |       |    42 |   178 |   281 |   365 |    21 ||   887
         Battleaxe         |       |       |       |    75 |    35 |       |       ||   110
         Scimitar          |       |       |       |     6 |       |       |       ||     6
         Executioner's axe |       |       |       |       |   669 |   926 |    59 ||  1654
  Throw: Dart              |       |       |    12 |    15 |    28 |    90 |     1 ||   146
         Javelin           |       |       |       |       |       |    24 |    11 ||    35
 Invoke: Heroism           |       |       |     1 |     5 |    13 |    21 |     1 ||    41
         Finesse           |       |       |       |       |       |     2 |       ||     2
Ability: Evoke Blink       |       |       |       |       |     1 |       |       ||     1
  Evoke: Wand              |       |       |       |     2 |     2 |    30 |       ||    34
    Use: Scroll            |     1 |     2 |     8 |    13 |    12 |    15 |       ||    51
         Potion            |       |     1 |     4 |     4 |    11 |    10 |       ||    30
   Stab: Sleeping          |       |       |     3 |     6 |     7 |     1 |       ||    17
         Invisible         |       |       |       |     2 |       |     9 |       ||    11
         Distracted        |       |       |       |       |     3 |     2 |       ||     5
 Armour: Scale mail        |    16 |    33 |     8 |       |       |       |       ||    57
         Chain mail        |       |       |    86 |       |       |       |       ||    86
         Shadow dragon sca |       |       |    11 |   287 |   532 |   548 |       ||  1378
         Plate armour      |       |       |       |       |       |   176 |    44 ||   220
  Dodge: Dodged            |    28 |    30 |    95 |   135 |   336 |   633 |    27 ||  1284
  Block: Buckler           |    10 |    17 |    23 |       |       |       |       ||    50
         Kite shield       |       |       |    59 |   144 |       |       |       ||   203
         Other             |       |       |       |       |       |   145 |    16 ||   161
